 Dungeon Crawl Stone Soup version 0.15.0-27-gbdb0435 (webtiles) character file.

308 Rhoefr the Grasshopper (level 6, 0/52 HPs)
             Began as a Naga Warper on Sept 11, 2014.
             Slain by Ijyb (2 damage)
             ... on Level 3 of the Dungeon.
             The game lasted 00:29:20 (4334 turns).

Rhoefr the Grasshopper (Naga Warper)                Turns: 4334, Time: 00:29:20

HP   0/52        AC  4     Str 13      XL: 6   Next: 40%
MP   4/11        EV  8     Int 13      God:
Gold 168         SH  4     Dex 13      Spells:  4 memorised,  2 levels left

rFire  . . .     SeeInvis +     e - +1 long sword
rCold  + . .     Clarity  .     b - +0 leather armour
rNeg   . . .     rCorr    .     l - +0 buckler
rPois  +         rRot     .     q - +0 helmet
rElec  .         Spirit   .     (no cloak)
SustAb +         Warding  .     (no gloves)
rMut   +         Stasis   .     (no barding)
Gourm  .                        k - amulet of resist mutation
MR     .....                    g - ring of sustain abilities
                                j - ring of protection from cold

@: heavily drained, very slow, not resistant to hostile enchantments, very
unstealthy
A: spit poison, see invisible, deformed body, poison resistance, slowness 2, AC
+2
a: Spit Poison


You were on level 3 of the Dungeon.
You were hungry.

You visited 1 branch of the dungeon, and saw 3 of its levels.

You collected 168 gold pieces.

Inventory:

Hand weapons
 a - a +0 falchion
 e - a +1 long sword (weapon)
 s - a +0 shortbow of freezing
Missiles
 i - 11 stones (quivered)
Armour
 b - a +0 leather armour (worn)
 l - a +0 buckler (worn)
 q - a +0 helmet (worn)
Magical devices
 t - a wand of draining (5)
Comestibles
 f - 2 bread rations
 n - 3 meat rations
 r - a chunk of jackal flesh
 z - a rotting chunk of hobgoblin flesh
Scrolls
 d - a scroll of blinking
 p - 2 scrolls of teleportation
Jewellery
 g - a ring of sustain abilities (right hand)
 j - a ring of protection from cold (left hand)
 k - an amulet of resist mutation (around neck)
Potions
 m - 3 potions of might
 o - 2 potions of agility
 u - a potion of lignification {unknown}
 w - 2 potions of resistance
 x - a potion of curing
 A - a potion of heal wounds {unknown}
Books
 c - a book of Spatial Translocations

   Spells                             Type                      Level
   *Apportation                       Translocation                1
   *Blink                             Translocation                2
   *Shroud of Golubria                Charms/Translocation         2
   Portal Projectile                  Translocation                3
   *Teleport Other                    Translocation                3
   Passage of Golubria                Translocation                4
 h - a book of the Tempests

   Spells                             Type                      Level
   Static Discharge                   Conjuration/Air              3
   Lightning Bolt                     Conjuration/Air              5
   Fireball                           Conjuration/Fire             5
   Tornado                            Air                          9
   Shatter                            Earth                        9


   Skills:
 - Level 2.0(0.7) Fighting
 - Level 3.4(2.0) Long Blades
 - Level 0.8(0.0) Throwing
 - Level 0.7(0.0) Armour
 - Level 1.5(0.2) Dodging
 - Level 3.5(2.1) Shields
 + Level 2.5(1.2) Spellcasting
 * Level 4.0(2.6) Translocations


You had 2 spell levels left.
You knew the following spells:

 Your Spells              Type           Power        Failure   Level  Hunger
a - Apportation           Tloc           #.........   12%         1    ##.....
b - Blink                 Tloc           N/A          17%         2    ###....
c - Shroud of Golubria    Chrm/Tloc      #.........   24%         2    ###....
d - Teleport Other        Tloc           #.......     34%         3    ####...


Dungeon Overview and Level Annotations

Branches:
Dungeon (3/15)

Altars:

Annotations:
D:3 Ijyb


Innate Abilities, Weirdness & Mutations

You cannot wear boots.
You can spit poison.
Your serpentine skin is tough (AC +2).
You have supernaturally acute eyesight.
Armour fits poorly on your strangely shaped body.
Your system is resistant to poisons.
You cover ground very slowly.


Message History

Ijyb is severely wounded.
Ijyb barely misses you.
You completely miss Ijyb.
Ijyb is severely wounded.
Ijyb closely misses you.
You closely miss Ijyb.
Ijyb is severely wounded.
Ijyb hits you but does no damage. x2
You closely miss Ijyb.
Ijyb is severely wounded.
Ijyb completely misses you.
You hit Ijyb.
Ijyb is almost dead.
Ijyb hits you.
* * * LOW HITPOINT WARNING * * *
You barely miss Ijyb.
Ijyb is almost dead.
Ijyb screams, "It's all mine!"
Ijyb hits you.
You die...

,,,,....,*,****,*
****,g.%,,,,,,,,*
**,..,******** *,#.**
#.#g########## ##
#............# .#
########.###.# .# #.#
#.# .# #g# #@# .###
#.###g## ...#
#.##...### .#.#
#........# .#)#
##.##...#.# .#.#
#..###.##.#
.#.########..###.##.#
##.#.............##.#
#.#.######..######.#


You could see Ijyb.

Vanquished Creatures
  A giant frog (D:3)
  An iguana (D:3)
  An orc priest (D:3)
  5 adders
  3 gnolls (D:2)
  2 worms
  A giant mite (D:1)
  2 giant geckos (D:3)
  3 orcs (D:3)
  7 giant cockroaches
  11 hobgoblins
  16 jackals
  5 kobolds
  3 ball pythons (D:2)
  9 bats
  3 giant newts
  7 goblins
  A quokka (D:3)
  10 rats
91 creatures vanquished.

Notes
Turn   | Place    | Note
--------------------------------------------------------------
     0 | D:1      | Rhoefr, the Naga Warper, began the quest for the Orb.
     0 | D:1      | Reached XP level 1. HP: 19/19 MP: 3/3
    97 | D:1      | Reached XP level 2. HP: 26/26 MP: 4/4
   500 | D:1      | Learned a level 2 spell: Blink
   503 | D:1      | Learned a level 2 spell: Shroud of Golubria
   740 | D:1      | Reached XP level 3. HP: 32/32 MP: 6/6
   886 | D:1      | Reached skill level 1 in Shields
  1400 | D:2      | Reached XP level 4. HP: 29/39 MP: 7/7
  2136 | D:2      | Reached XP level 5. HP: 45/45 MP: 9/9
  2141 | D:2      | Learned a level 3 spell: Teleport Other
  3043 | D:3      | Reached XP level 6. HP: 30/52 MP: 11/11
  3371 | D:3      | Noticed Ijyb
  3381 | D:2      | HP: 2/52 [jackal (2)]
  4092 | D:3      | Reached skill level 4 in Translocations
  4311 | D:3      | HP: 2/52 [Ijyb/wand of fire (16)]
  4333 | D:3      | HP: 2/52 [Ijyb (3)]
  4334 | D:3      | Slain by Ijyb

Action                   |  1- 3 |  4- 6 || total
-------------------------+-------+-------++-------
Melee: Falchion          |    75 |    94 ||   169
       Long sword        |       |    40 ||    40
Throw: Tomahawk          |       |     5 ||     5
 Cast: Blink             |       |     7 ||     7
       Teleport Other    |       |     7 ||     7
 Abil: Spit Poison       |    26 |    52 ||    78
  Use: Scroll            |     5 |     9 ||    14
       Potion            |       |     1 ||     1
 Stab: Sleeping          |       |     1 ||     1
  Eat: Chunk             |     3 |     9 ||    12
       Bread ration      |       |     1 ||     1
